 Dungeon Crawl Stone Soup version 0.28-a0-317-g21599a725c (webtiles) character file.

Game seed: 2465265233907658552

389 McIrco the Covert (level 6, -2/30 HPs)
             Began as a Spriggan Brigand on Sept 1, 2021.
             Killed from afar by an orc wizard (8 damage)
             ... with a puff of flame
             ... on level 4 of the Dungeon.
             The game lasted 00:04:50 (3283 turns).

McIrco the Covert (Spriggan Brigand)                Turns: 3283, Time: 00:04:50

Health: -2/30      AC:  3    Str:  7    XL:     6   Next: 50%
Magic:  7/7        EV: 17    Int: 13    God:
Gold:   109        SH:  0    Dex: 18    Spells: 5/5 levels left

rFire   . . .      SeeInvis +   b - +0 rapier
rCold   . . .      Faith    .   (shield restricted)
rNeg    . . .      Spirit   .   p - +0 robe
rPois   .          Reflect  .   (helmet restricted)
rElec   .          Harm     .   c - +0 cloak
rCorr   .          Rampage  .   (gloves unavailable)
Will    +....                   (boots unavailable)
Stlth   ++++......              (no amulet)
HPRegen 0.10/turn               (no ring)
MPRegen 0.10/turn               (no ring)

@: very quick
A: very small, no large weapons, unfitting armour, see invisible, speed 3
a: no special abilities


You were on level 4 of the Dungeon.
You visited 1 branch of the dungeon, and saw 4 of its levels.

You collected 109 gold pieces.

Inventory:

Hand Weapons
 a - a +2 dagger
 b - a +0 rapier (weapon)
Missiles
 d - 10 poisoned darts (quivered)
 e - 2 curare-tipped darts
Armour
 c - a +0 cloak (worn)
 p - a +0 robe (worn)
Jewellery
 k - a ring of poison resistance
 o - a ring of wizardry
Scrolls
 f - a scroll of noise {unknown}
 g - a scroll of teleportation {unknown}
 h - a scroll of amnesia {unknown}
 i - 4 scrolls of identify {unknown}
 j - a scroll of enchant armour {unknown}
 l - a scroll of blinking {unknown}
 m - a scroll of torment {unknown}
Potions
 n - 2 potions of lignification {unknown}


   Skills:
 + Level 2.1 Fighting
 + Level 4.3 Short Blades
 + Level 2.8 Throwing
 + Level 2.5 Dodging
 + Level 9.4 Stealth


You had 5 spell levels left.
You didn't know any spells.
Your spell library contained the following spells:

 Spells                   Type           Power      Damage    Failure   Level
 Blink                    Tloc           N/A        N/A       43%         2
 Static Discharge         Conj/Air       0%         N/A       43%         2
 Lesser Beckoning         Tloc           0%         N/A       67%         3
 Summon Guardian Golem    Hex/Summ       0%         N/A       67%         3
 Dispel Undead            Necr           0%         3d6       97%         4
 Sticky Flame             Conj/Fire      0%         2d3       97%         4
 Manifold Assault         Tloc           0%         N/A       100%        5
 Orb of Destruction       Conj           0%         N/A       100%        7
 Spellforged Servitor     Conj/Summ      0%         N/A       100%        7


Dungeon Overview and Level Annotations

Branches:
Dungeon (4/15)
 Temple: D:4-7

Altars:

Annotations:
D:4 1 runed translucent door, papapa55's ghost, amateur MiBe


Innate Abilities, Weirdness & Mutations

You are very small and have problems with some larger weapons.
You are too small for most types of armour.
You have supernaturally acute eyesight. (SInv)
You cover ground extremely quickly. (Speed+++)


Message History

You feel sick.
The orc wizard shouts!
Throw: 15 darts (poison)
Press: ? - help, Q - select action, (/) - cycle Shift-Dir - straight line, f - orc wizard, p - orc wizard
Aim: an orc wizard, wielding a +0 dagger and wearing a +0 robe (moderately wounded, 56% to hit)
You throw a poisoned dart. The poisoned dart hits the orc wizard.
The orc wizard is poisoned.
The orc wizard is moderately wounded.
You feel sick.
You kill the orc wizard!
Unknown command.
You feel sick.
You are no longer poisoned.
Throw: 14 darts (poison)
Press: ? - help, Q - select action, (/) - cycle Shift-Dir - straight line, f/p - orc wizard
Aim: an orc wizard, wielding a +0 dagger and wearing a +0 robe (heavily wounded, poisoned, 56% to hit)
You throw a poisoned dart. The poisoned dart hits the orc.
The orc is poisoned.
Throw: 13 darts (poison)
Press: ? - help, Q - select action, (/) - cycle Shift-Dir - straight line, f/p - orc wizard
Aim: an orc wizard, wielding a +0 dagger and wearing a +0 robe (severely wounded, poisoned, 56% to hit)
You throw a poisoned dart.
The poisoned dart closely misses the orc wizard.
The poisoned dart hits the orc wizard.
The orc wizard looks even sicker.
The orc wizard is severely wounded.
Unknown command.
Throw: 12 darts (poison)
Press: ? - help, Q - select action, (/) - cycle Shift-Dir - straight line, f - orc wizard, p - orc wizard
Aim: an orc wizard, wielding a +0 dagger and wearing a +0 robe (56% to hit)
You throw a poisoned dart. The poisoned dart hits the orc wizard.
The orc wizard is poisoned.
Throw: 11 darts (poison)
Press: ? - help, Q - select action, (/) - cycle Shift-Dir - straight line, f/p - orc wizard
Aim: an orc wizard, wielding a +0 dagger and wearing a +0 robe (lightly wounded, poisoned, 56% to hit)
You throw a poisoned dart.
The poisoned dart barely misses the orc wizard.
The poisoned dart barely misses the orc wizard.
Unknown command.
The orc wizard gestures at you while chanting.
The puff of flame hits you!
You die...

........+ .......#
.....(# .....# ....###
##########+###.....#
#...[..o.....#.....+
#......ooo..((.....#
#..#@####(##<#.....#
###....##.##(##....##
#....#..(...#......
#....#.)o...#......
#....#......#......
#....#......#......
#....#......#......
####....########......
##(.##.........######..


You could see 3 orc wizards and an orc (poisoned).

Vanquished Creatures
  Sigmund (D:2)
  A scorpion (D:3)
  An orc priest (D:3)
  Terence (D:2)
  2 orc wizards
  2 adders (D:2)
  A gnoll (D:1)
  A dart slug (D:2)
  7 orcs (D:3)
  6 bats
  3 endoplasms
  3 giant cockroaches
  7 hobgoblins
  8 ball pythons
  6 frilled lizards
  3 goblins
  A kobold (D:2)
  10 rats
64 creatures vanquished.

Notes
Turn   | Place    | Note
-------+----------+-------------------------------------------
     0 | D:1      | McIrco the Spriggan Brigand began the quest for the Orb.
     0 | D:1      | Reached XP level 1. HP: 10/10 MP: 2/2
    51 | D:1      | Reached skill level 6 in Stealth
   227 | D:1      | Reached XP level 2. HP: 9/14 MP: 3/3
   864 | D:2      | Noticed Terence
   895 | D:2      | Killed Terence
   896 | D:2      | Reached skill level 7 in Stealth
   896 | D:2      | Reached XP level 3. HP: 17/18 MP: 4/4
  1508 | D:2      | Found a faded altar of an unknown god.
  1580 | D:2      | Reached XP level 4. HP: 23/23 MP: 5/5
  1588 | D:2      | Noticed Sigmund
  1611 | D:2      | Killed Sigmund
  1612 | D:2      | Reached skill level 8 in Stealth
  1612 | D:2      | Reached XP level 5. HP: 20/26 MP: 6/6
  2101 | D:3      | Reached XP level 6. HP: 30/30 MP: 7/7
  2134 | D:3      | Reached skill level 9 in Stealth
  3193 | D:4      | Found a runed translucent door.
  3194 | D:4      | Noticed papapa55's ghost (amateur MiBe)
  3283 | D:4      | Killed from afar by an orc wizard

Illustrated notes

Levels and vault maps discovered:
D:1:      lemuel_arrival_muddy, layout_rooms
D:2:      layout_loops_corners, ebering_ecumenical_altar_hall,
          minmay_rat_gold_closets, uniq_terence, uniq_sigmund
D:3:      layout_basic, kennysheep_generic_room_9
D:4:      layout_gridville, gammafunk_ghost_grave, kennysheep_generic_room_13,
          uniq_menkaure, uniq_robin

Skill      XL: |  1  2  3  4  5  6 |
---------------+-------------------+-----
Stealth        | 6 7 8 9 |  9.4
Short Blades   | 3 4 |  4.3
Fighting       | 2 |  2.1
Dodging        | 2 |  2.5
Throwing       | |  2.8

Action                   |  1- 3 |  4- 6 || total
-------------------------+-------+-------++-------
Melee: Dagger            |    75 |    13 ||    88
       Rapier            |       |    46 ||    46
Throw: Dart              |     6 |    18 ||    24
  Use: Potion            |       |     1 ||     1
 Stab: Sleeping          |    16 |    12 ||    28
Armor: Robe              |     7 |     4 ||    11
Dodge: Dodged            |    36 |    33 ||    69

Table legend: (Time is in decaauts)
 A = Elapsed time spent in this place.
 B = Non-inter-level travel time spent in this place.
 C = Inter-level travel time spent in this place.
 D = Time resting spent in this place.
 E = Time spent auto-exploring this place.
 F = Levels seen in this place.
 G = Mean time per level.
                   A        B        C        D        E       F      G
               +--------+--------+--------+--------+--------+-----+--------+
         Total |   2391 |   2337 |     54 |    313 |   1665 |   4 |  597.8 |
       Dungeon |   2391 |   2337 |     54 |    313 |   1665 |   4 |  597.8 |
               +--------+--------+--------+--------+--------+-----+--------+

Top non-repeatable levels by time:
     D:2: 975 daAuts
     D:3: 777 daAuts
     D:1: 563 daAuts
     D:4: 74 daAuts
